[Event "Titled Tuesday Blitz June 13 Early 2023"]
[White "Talibov, Shiroghlan"]
[Black "Thecourseoisildur"]
[WhiteFideId "13429078"]
[WhiteElo "2274"]
[BlackElo "2582"]
[Result "1/2-1/2"]
[Round "2"]
[TimeControl "180+2"]
[Date "2023.06.13"]
[WhiteClock "0:00:15"]
[BlackClock "0:00:02"]
[Board "44"]

1. e4 c5 2. Nf3 d6 3. Bb5+ Nd7 4. a4 a6 5. Be2 Ngf6 6. Nc3 g6 7. a5 Bg7 8. O-O O-O 9. Re1 Qc7 10. Bf1 Nb8 11. Nd5 Nxd5 12. exd5 e6 13. Bc4 e5 14. c3 Bg4 15. h3 Bxf3 16. Qxf3 Nd7 17. d3 Qd8 18. b4 cxb4 19. Bb2 bxc3 20. Bxc3 Rc8 21. Qe2 Nc5 22. Rab1 Re8 23. Bb4 Qd7 24. Ba3 e4 25. dxe4 Rxe4 26. Qc2 Rxe1+ 27. Rxe1 Re8 28. Rxe8+ Qxe8 29. Bf1 Bd4 30. Qc4 Qe5 31. Bb4 Ne4 32. Be1 Ng3 33. Bd2 Nxf1 34. Kxf1 Bc5 35. Qb3 Qh2 36. Qf3 Qh1+ 37. Ke2 Qb1 38. g4 Qb5+ 39. Kd1 Qb1+ 40. Ke2 Qb5+ 41. Kd1 Bb4 42. Bh6 Qa4+ 43. Ke2 Qb5+ 44. Kd1 Qa4+ 45. Ke2 Qb5+ 46. Kd1 1/2-1/2


[Site "https://www.chess.com"]

[Event "Titled Tuesday Blitz June 13 Early 2023"]
[White "Skliarov, Viktor"]
[Black "Bacrot, Etienne"]
[WhiteFideId "14106736"]
[BlackFideId "605506"]
[WhiteElo "2317"]
[BlackElo "2672"]
[Result "0-1"]
[Round "2"]
[TimeControl "180+2"]
[Date "2023.06.13"]
[WhiteClock "0:00:00"]
[BlackClock "0:00:43"]
[Board "45"]

1. e4 c5 2. Nf3 d6 3. d4 cxd4 4. Qxd4 a6 5. Be3 Nc6 6. Qd2 Nf6 7. Nc3 g6 8. O-O-O Bg7 9. e5 Ng4 10. exd6 Be6 11. Ng5 Qxd6 12. Qxd6 exd6 13. Nxe6 fxe6 14. Rxd6 Nxe3 15. Rxe6+ Kf7 16. Rxe3 Bh6 17. Bc4+ Kg7 18. Kb1 Bxe3 19. fxe3 Rhf8 20. Bd5 Rae8 21. Nd1 Rf6 22. Re1 Ref8 23. Kc1 Rf1 24. Rxf1 Rxf1 25. Kd2 h5 26. a3 Rf8 27. c4 Kf6 28. Nf2 Ke7 29. Nd3 Kd6 30. Be4 g5 31. c5+ Ke6 32. b4 Rf1 33. a4 Nd8 34. b5 Ra1 35. c6 bxc6 36. Nc5+ Kd6 37. Nb7+ Nxb7 38. bxc6 Nc5 0-1


[Site "https://www.chess.com"]

[Event "Titled Tuesday Blitz June 13 Early 2023"]
[White "Timofeev, Artyom"]
[Black "Czerw, Dawid"]
[WhiteFideId "4140419"]
[BlackFideId "1145746"]
[WhiteElo "2570"]
[BlackElo "2144"]
[Result "1-0"]
[Round "2"]
[TimeControl "180+2"]
[Date "2023.06.13"]
[WhiteClock "0:01:06"]
[BlackClock "0:00:03"]
[Board "46"]

1. c4 c6 2. e4 d5 3. exd5 cxd5 4. d4 Nf6 5. Nc3 Be6 6. c5 g6 7. Bb5+ Nc6 8. Nf3 Bg7 9. Ne5 Bd7 10. Bxc6 bxc6 11. O-O O-O 12. Re1 Ne8 13. Bf4 Nc7 14. Bg3 Be8 15. b4 f6 16. Nd3 a5 17. a3 Bd7 18. Bxc7 Qxc7 19. Rxe7 Rfe8 20. Rxe8+ Rxe8 21. Qd2 f5 22. Ne2 Re4 23. bxa5 Bxd4 24. Nxd4 Rxd4 25. Qc3 Rc4 26. Qf6 Re4 27. a6 Be8 28. Nb4 Qa5 29. Qc3 Rc4 30. Qe3 Re4 31. Qc1 Rc4 32. Qb2 Qxc5 33. h3 d4 34. Rd1 Bf7 35. Nd3 Qa7 36. Qb7 Qxb7 37. axb7 1-0


[Site "https://www.chess.com"]

[Event "Titled Tuesday Blitz June 13 Early 2023"]
[White "Shuvalov, Evgenij"]
[Black "Zemlyanskii, Ivan"]
[WhiteFideId "4187237"]
[BlackFideId "24249971"]
[WhiteElo "2080"]
[BlackElo "2421"]
[Result "0-1"]
[Round "2"]
[TimeControl "180+2"]
[Date "2023.06.13"]
[WhiteClock "0:00:18"]
[BlackClock "0:00:25"]
[Board "47"]

1. d4 d5 2. c4 c6 3. Nf3 Nf6 4. Nc3 dxc4 5. a4 Bf5 6. Ne5 Nbd7 7. Nxc4 Qc7 8. g3 e5 9. dxe5 Nxe5 10. Bf4 Nfd7 11. Bg2 g5 12. Ne3 gxf4 13. Nxf5 O-O-O 14. Qc2 fxg3 15. hxg3 a5 16. Kf1 Bb4 17. Rc1 Nc5 18. Rh4 Kb8 19. Kg1 Ne6 20. Qe4 Bxc3 21. bxc3 h5 22. Rb1 Ng4 23. Bf3 Ng5 24. Qc4 Ne5 25. Qf4 Nexf3+ 26. exf3 Qxf4 27. Rxf4 Nh3+ 28. Kh2 Nxf4 29. gxf4 Rd3 30. Nd4 Rxc3 31. Re1 Rd8 32. Nf5 Rxf3 33. Re7 Rxf4 34. Rxf7 Rd5 35. Nh6 Rxf7 36. Nxf7 Rf5 37. Nd6 Rxf2+ 38. Kg3 Ra2 0-1


[Site "https://www.chess.com"]

[Event "Titled Tuesday Blitz June 13 Early 2023"]
[White "Yeletsky, Ivan"]
[Black "Portela Peleteiro, Alberto"]
[WhiteFideId "24180327"]
[BlackFideId "22276106"]
[WhiteElo "2380"]
[BlackElo "2353"]
[Result "1-0"]
[Round "2"]
[TimeControl "180+2"]
[Date "2023.06.13"]
[WhiteClock "0:00:56"]
[BlackClock "0:00:30"]
[Board "48"]

1. e4 c5 2. a4 Nc6 3. Bb5 g6 4. h4 h5 5. Ra3 Bg7 6. Rg3 Nf6 7. d3 a6 8. Bc4 Rb8 9. Nc3 Nd4 10. Bf4 d6 11. e5 Ng4 12. exd6 exd6 13. Bg5 Qa5 14. Ne2 b5 15. axb5 axb5 16. Bd5 b4 17. Ne4 Qb6 18. Nxd4 Bxd4 19. O-O O-O 20. Be7 Be6 21. Bxe6 fxe6 22. Rxg4 hxg4 23. Bxf8 Rxf8 24. Qxg4 Kh7 25. Qxe6 Qc7 26. c3 bxc3 27. bxc3 Be5 28. h5 Qg7 29. hxg6+ Qxg6 30. Qe7+ Rf7 31. Qxf7+ Qxf7 32. Ng5+ Kg6 33. Nxf7 Kxf7 34. Rc1 Ke6 35. Kf1 Kf5 36. Ke2 Kg4 37. g3 Bf6 38. d4 cxd4 39. cxd4 Kf5 40. Kd3 1-0


[Site "https://www.chess.com"]

[Event "Titled Tuesday Blitz June 13 Early 2023"]
[White "ATM622"]
[Black "Chigaev, Maksim"]
[BlackFideId "4108116"]
[WhiteElo "2571"]
[BlackElo "2561"]
[Result "0-1"]
[Round "2"]
[TimeControl "180+2"]
[Date "2023.06.13"]
[WhiteClock "0:01:23"]
[BlackClock "0:00:52"]
[Board "49"]

1. d4 Nf6 2. c4 g6 3. g3 Bg7 4. Bg2 O-O 5. Nf3 d6 6. O-O c5 7. Nc3 Nc6 8. d5 Na5 9. Qd3 a6 10. a4 Nb3 11. Ra3 Bf5 12. e4 Nxc1 13. Rxc1 Bg4 14. h3 Bxf3 15. Bxf3 Nd7 16. Bg2 Qa5 17. f4 Qb4 18. Kh2 Qxb2 19. Raa1 Qb6 20. Rab1 Qc7 21. Rb3 Rab8 22. Rcb1 b6 23. h4 Nf6 24. Bf3 h5 25. Nd1 b5 26. axb5 axb5 27. Rxb5 Rxb5 28. Rxb5 Ra8 29. Qb3 Qa7 30. Rb7 Qa1 31. Kg2 Ra2+ 32. Nf2 Ng4 33. Rb8+ Kh7 34. Bxg4 Bd4 35. Qb1 Rxf2+ 36. Kh3 hxg4+ 37. Kxg4 Qc3 0-1


[Site "https://www.chess.com"]

[Event "Titled Tuesday Blitz June 13 Early 2023"]
[White "Krzyzanowski, Marcin"]
[Black "Gavrilov, Maxim"]
[WhiteFideId "1132199"]
[BlackFideId "24271454"]
[WhiteElo "2471"]
[BlackElo "1969"]
[Result "1-0"]
[Round "2"]
[TimeControl "180+2"]
[Date "2023.06.13"]
[WhiteClock "0:00:04"]
[BlackClock "0:00:00"]
[Board "50"]

1. Nf3 d5 2. g3 Bg4 3. Bg2 Nd7 4. c4 e6 5. O-O Ngf6 6. cxd5 exd5 7. Nc3 c6 8. d3 Bd6 9. h3 Bxf3 10. Bxf3 O-O 11. Bg2 Re8 12. e4 dxe4 13. dxe4 Be5 14. Qc2 Nc5 15. Rd1 Qe7 16. Ne2 Bc7 17. f3 Bb6 18. Kh2 a5 19. Be3 Nd5 20. Bd4 Nb4 21. Qd2 Rad8 22. Qc3 Na4 23. Qb3 Bxd4 24. Rxd4 Nc5 25. Qc3 Na4 26. Qb3 Nc5 27. Qc4 b5 28. Qc3 Na4 29. Qb3 Nc5 30. Qc3 Na4 31. Qc1 Qf6 32. Rxd8 Rxd8 33. b3 Nb2 34. Qg1 N2d3 35. Rd1 Qb2 36. Nf4 Qxa2 37. Nxd3 Rxd3 38. Qb6 h5 39. Qb8+ Kh7 40. Rg1 Rd2 41. Qf4 Kg8 42. Qb8+ Kh7 43. Qf4 Kg8 44. Qg5 g6 45. e5 Nd5 46. e6 fxe6 47. Qxg6+ Kf8 48. Qh6+ Ke7 49. Qg5+ Kd6 50. Qxh5 1-0


[Site "https://www.chess.com"]

[Event "Titled Tuesday Blitz June 13 Early 2023"]
[White "Srdanovic, Jovana"]
[Black "Beerdsen, Thomas"]
[WhiteFideId "954810"]
[BlackFideId "1030108"]
[WhiteElo "2155"]
[BlackElo "2553"]
[Result "0-1"]
[Round "2"]
[TimeControl "180+2"]
[Date "2023.06.13"]
[WhiteClock "0:00:00"]
[BlackClock "0:00:36"]
[Board "51"]

1. d4 Nf6 2. c4 a6 3. Nc3 b5 4. cxb5 axb5 5. Nxb5 e5 6. dxe5 Ne4 7. Nf3 Bb4+ 8. Bd2 Nxd2 9. Nxd2 Nc6 10. e3 Nxe5 11. a3 Bxd2+ 12. Qxd2 O-O 13. Qc3 Qf6 14. Nxc7 Rb8 15. Nd5 Qe6 16. Nf4 Qf6 17. Nd3 d6 18. Nxe5 dxe5 19. Be2 Bb7 20. O-O Rfc8 21. Qa5 Qg6 22. f3 Rc2 23. Rf2 Rxb2 24. Qxe5 Ba8 25. Raf1 h5 26. a4 h4 27. h3 Qg3 28. Qd4 R2b4 29. Bc4 g6 30. Rc2 Rb1 31. Qf6 Rxf1+ 32. Bxf1 Qe1 33. Re2 Qg3 34. Qd4 Bxf3 35. Rd2 Rb1 36. Qd6 Qxd6 37. Rxd6 Be2 38. Rd8+ Kg7 39. Kf2 Bxf1 40. Kf3 Rb2 0-1


[Site "https://www.chess.com"]

[Event "Titled Tuesday Blitz June 13 Early 2023"]
[White "Skawinski, Arkadiusz"]
[Black "Lintchevski, Daniil"]
[WhiteFideId "1126415"]
[BlackFideId "4171055"]
[WhiteElo "2218"]
[BlackElo "2559"]
[Result "0-1"]
[Round "2"]
[TimeControl "180+2"]
[Date "2023.06.13"]
[WhiteClock "0:01:19"]
[BlackClock "0:01:46"]
[Board "52"]

1. e4 e5 2. Nf3 Nc6 3. Bb5 a6 4. Ba4 Nge7 5. O-O Ng6 6. c3 d5 7. d3 Be7 8. h3 O-O 9. Nbd2 Be6 10. Re1 b5 11. Bb3 Qd7 12. exd5 Bxd5 13. Bxd5 Qxd5 14. d4 exd4 15. Nb3 d3 16. Nbd4 Nxd4 17. cxd4 Bb4 18. Bd2 Bd6 19. Be3 Qf5 20. Rc1 Rfe8 21. Rc3 Bb4 22. Rxc7 Bxe1 23. Nxe1 Nf4 24. Rc3 Ne2+ 0-1


[Site "https://www.chess.com"]

[Event "Titled Tuesday Blitz June 13 Early 2023"]
[White "Gontcharov, Vladislav"]
[Black "Xu, Yi"]
[WhiteFideId "4123492"]
[BlackFideId "8605564"]
[WhiteElo "2420"]
[BlackElo "2460"]
[Result "0-1"]
[Round "2"]
[TimeControl "180+2"]
[Date "2023.06.13"]
[WhiteClock "0:00:06"]
[BlackClock "0:00:03"]
[Board "53"]

1. d4 Nf6 2. c4 e6 3. Nc3 Bb4 4. e3 O-O 5. Bd3 d5 6. Nf3 dxc4 7. Bxc4 c5 8. O-O Nc6 9. a3 Ba5 10. dxc5 Bxc3 11. bxc3 Ne4 12. Qc2 Nxc5 13. e4 h6 14. Be3 Qe7 15. Rfd1 b6 16. Nd4 Bb7 17. f3 Rfd8 18. Qf2 Rac8 19. Bb5 Ne5 20. a4 a6 21. Bf1 Qf6 22. a5 b5 23. Rab1 Na4 24. Ne2 Nc4 25. Rxd8+ Rxd8 26. Bd4 e5 27. Ba7 Nxa5 28. Ng3 Nc6 29. Bb6 Rc8 30. c4 b4 31. c5 Nc3 32. Rc1 Nd4 33. Bc4 Rc6 34. Qe3 Rxb6 35. cxb6 Qxb6 36. Kh1 a5 37. Nf5 a4 38. h4 a3 39. Rxc3 bxc3 40. Qxc3 Nxf5 41. exf5 Qb1+ 42. Kh2 a2 43. Bxa2 Qxa2 44. Qxe5 Bxf3 45. Qg3 Qxg2+ 46. Qxg2 Bxg2 47. Kxg2 Kf8 48. Kg3 Ke7 49. Kf4 Kd6 50. Ke4 f6 51. Kd4 h5 0-1


[Site "https://www.chess.com"]

[Event "Titled Tuesday Blitz June 13 Early 2023"]
[White "Harutjunyan, Gevorg"]
[Black "Deng, Henry"]
[WhiteFideId "13300873"]
[BlackFideId "30965454"]
[WhiteElo "2474"]
[BlackElo "2560"]
[Result "1-0"]
[Round "2"]
[TimeControl "180+2"]
[Date "2023.06.13"]
[WhiteClock "0:00:44"]
[BlackClock "0:01:49"]
[Board "54"]

1. e4 c5 2. Nf3 e6 3. d4 cxd4 4. Nxd4 Nf6 5. Nc3 Nc6 6. Ndb5 Bb4 7. a3 Bxc3+ 8. Nxc3 d5 9. Bd3 dxe4 10. Nxe4 Nxe4 11. Bxe4 Qxd1+ 12. Kxd1 Bd7 13. Be3 O-O-O 14. Kc1 f5 15. Bf3 e5 16. Re1 Rhe8 17. Bg5 e4 18. Bh5 g6 19. Bxd8 gxh5 20. Bh4 f4 21. Bg5 Rg8 22. Bxf4 Rxg2 23. Bg3 h4 24. Bxh4 Rxh2 25. Bg3 Rh5 26. Kd2 Bf5 27. Rh1 Rg5 28. Ke3 Rg7 29. Rad1 Re7 30. b3 Bg6 31. Rd5 Rf7 32. Bf4 Ne7 33. Rc5+ Nc6 34. b4 Kd7 35. Rd1+ Ke6 36. b5 Ne7 37. Rd6# 1-0


[Site "https://www.chess.com"]

[Event "Titled Tuesday Blitz June 13 Early 2023"]
[White "Shukhman, Anna"]
[Black "Hafiz, Arif Abdul"]
[WhiteFideId "54180058"]
[BlackFideId "7104227"]
[WhiteElo "2235"]
[BlackElo "2198"]
[Result "1/2-1/2"]
[Round "2"]
[TimeControl "180+2"]
[Date "2023.06.13"]
[WhiteClock "0:00:12"]
[BlackClock "0:00:10"]
[Board "55"]

1. e4 e5 2. Nf3 Nc6 3. Bb5 a6 4. Ba4 Nf6 5. O-O b5 6. Bb3 Bb7 7. Re1 Bc5 8. c3 d6 9. d4 Bb6 10. a4 O-O 11. h3 Re8 12. d5 Ne7 13. Bg5 Ng6 14. Qe2 h6 15. Be3 Nf4 16. Bxf4 exf4 17. Qd3 Nd7 18. Bc2 bxa4 19. e5 Nf8 20. Bxa4 Re7 21. Nbd2 dxe5 22. c4 Nd7 23. b4 a5 24. c5 axb4 25. Bc2 g6 26. cxb6 Nxb6 27. Rxa8 Bxa8 28. Rxe5 Rxe5 29. Nxe5 Qxd5 30. Qxd5 Bxd5 31. Bb3 Kf8 32. Nd3 Bxb3 33. Nxb3 Nd5 34. Kf1 Ke7 35. Ke2 Kd6 36. Kd2 g5 37. Ndc5 Kc6 38. Ne4 Kb5 39. Kd3 Ka4 40. Nec5+ Ka3 41. Nd4 Nb6 42. Nc2+ Kb2 43. Nxb4 Ka3 44. Nc6 Nd5 45. Ne5 Kb4 46. Kd4 Nc3 47. Ncd3+ Kb3 48. Nxf7 Kc2 49. Nb4+ Kd2 50. Ne5 Nd1 51. Nf3+ Ke2 52. Nd3 Nxf2 53. Nde5 Kf1 54. h4 Kxg2 55. hxg5 hxg5 56. Nxg5 Nh3 57. Ngf3 Ng1 58. Nh4+ Kg3 59. Nf5+ Kh3 60. Ke4 f3 61. Ke3 Kg2 62. Nh4+ Kg3 63. Nf5+ Kg2 64. Kf4 f2 65. Ne3+ Kh2 66. N5g4+ Kh3 67. Nxf2+ Kh4 68. Nf5+ Kh5 69. Ng3+ Kg6 70. Ke3 Kf6 71. Kd2 c5 72. Ke1 Nf3+ 73. Ke2 Ne5 74. Nfe4+ Ke6 75. Ke3 Kd5 76. Ne2 Nc4+ 77. Kd3 Ne5+ 78. Ke3 Nc4+ 79. Kf4 Ne5 80. N2c3+ Kd4 81. Nb5+ Kd5 82. Nc7+ Kc6 83. Kxe5 Kxc7 84. Nxc5 1/2-1/2


[Site "https://www.chess.com"]

[Event "Titled Tuesday Blitz June 13 Early 2023"]
[White "Kosakowski, Jakub"]
[Black "Omelja, Artem"]
[WhiteFideId "1185080"]
[BlackFideId "14119846"]
[WhiteElo "2488"]
[BlackElo "2404"]
[Result "1-0"]
[Round "2"]
[TimeControl "180+2"]
[Date "2023.06.13"]
[WhiteClock "0:00:28"]
[BlackClock "0:00:01"]
[Board "56"]

1. e4 e5 2. Nf3 Nc6 3. Bb5 a6 4. Ba4 Nf6 5. O-O Be7 6. Re1 b5 7. Bb3 d6 8. c3 O-O 9. h3 Na5 10. Bc2 c5 11. d4 Qc7 12. Nbd2 Bd7 13. d5 c4 14. Nf1 Rfe8 15. Ng3 Nb7 16. Be3 Nc5 17. b4 cxb3 18. axb3 a5 19. Qd2 Rec8 20. b4 Na4 21. Bxa4 bxa4 22. Rec1 axb4 23. cxb4 Qb7 24. Ne1 Bb5 25. Nc2 Bc4 26. Na3 Bb3 27. f3 Bd8 28. Nf5 Ne8 29. Bf2 Bb6 30. Ne7+ Qxe7 31. Bxb6 Qb7 32. Bf2 Nc7 33. Rc6 Nb5 34. Rb6 Nxa3 35. Rxb7 Nc2 36. Rc1 a3 37. Qd3 Ba4 38. b5 a2 39. Ra7 Nb4 40. Rxa8 Rxa8 41. Qa3 Nc2 1-0


[Site "https://www.chess.com"]

[Event "Titled Tuesday Blitz June 13 Early 2023"]
[White "Gharibyan, Mamikon"]
[Black "Pinheiro, Iung Alicio de O."]
[WhiteFideId "13308300"]
[BlackFideId "2104350"]
[WhiteElo "2445"]
[BlackElo "2283"]
[Result "1-0"]
[Round "2"]
[TimeControl "180+2"]
[Date "2023.06.13"]
[WhiteClock "0:00:06"]
[BlackClock "0:00:00"]
[Board "57"]

1. Nf3 c5 2. e4 Nc6 3. Bb5 e6 4. O-O Nge7 5. Re1 Nd4 6. Nxd4 cxd4 7. c3 a6 8. Bf1 Nc6 9. b4 Be7 10. a4 O-O 11. Na3 Bf6 12. Qb3 d5 13. exd5 exd5 14. b5 Na5 15. Qb4 Be6 16. cxd4 Qb6 17. Nc2 Rfc8 18. Bd3 Nc4 19. bxa6 Qxb4 20. Nxb4 bxa6 21. Nc2 Rab8 22. Bf1 a5 23. d3 Nd6 24. Ra2 Nf5 25. Bf4 Rb3 26. Be5 Rbc3 27. Bxf6 gxf6 28. Ne3 Nxd4 29. h3 Rc1 30. Rxc1 Rxc1 31. g4 Nf3+ 32. Kg2 Ne1+ 33. Kg3 d4 34. Nc4 Bxc4 35. dxc4 Nc2 36. Be2 Nb4 37. Rd2 Rc3+ 38. Kf4 d3 39. Bf1 Rxc4+ 40. Ke3 Rc3 41. Bxd3 Ra3 42. Ke4 Rxa4 43. Bb5 Ra3 44. Kf5 Kg7 45. f4 Rc3 46. Be8 Rc5+ 47. Ke4 Rc8 48. Ba4 Rc7 49. h4 Re7+ 50. Kf5 Na6 51. Rd5 Nc7 52. Rxa5 Ne6 53. Rd5 Kf8 54. Kxf6 1-0


[Site "https://www.chess.com"]

[Event "Titled Tuesday Blitz June 13 Early 2023"]
[White "Parondo, Rolly"]
[Black "Mekhitarian, Krikor Sevag"]
[WhiteFideId "5217407"]
[BlackFideId "2107660"]
[WhiteElo "2141"]
[BlackElo "2604"]
[Result "0-1"]
[Round "2"]
[TimeControl "180+2"]
[Date "2023.06.13"]
[WhiteClock "0:00:00"]
[BlackClock "0:00:05"]
[Board "58"]

1. d4 Nf6 2. Bf4 c5 3. e3 g6 4. c3 Bg7 5. Nf3 O-O 6. Bc4 d6 7. O-O Nh5 8. Bg5 h6 9. Bh4 g5 10. Nfd2 cxd4 11. Qxh5 dxc3 12. Nxc3 gxh4 13. Qxh4 e6 14. Qg3 d5 15. Bd3 Qg5 16. Rac1 Nc6 17. Nf3 Qxg3 18. hxg3 f5 19. a3 Bd7 20. Rc2 Rac8 21. Rfc1 Rfd8 22. Ne2 Ne5 23. Nxe5 Bxe5 24. Nd4 a6 25. Kf1 Rxc2 26. Rxc2 Rc8 27. Rxc8+ Bxc8 28. Ke2 Kf8 29. b4 Ke7 30. Kd2 Bd6 31. Kc3 Bd7 32. Kb3 Kf6 33. f4 e5 34. Ne2 e4 35. Bc2 Bb5 36. Bd1 Bc4+ 37. Kc3 a5 38. Nd4 axb4+ 39. axb4 Bf1 40. g4 fxg4 41. Bxg4 Bxg2 42. Be6 h5 43. Bxd5 h4 44. Be6 h3 45. Bxh3 Bxh3 46. Nb5 Bf8 47. Nc7 Be6 48. b5 Bd7 49. Kd4 Bd6 50. Nd5+ Ke6 51. Kxe4 Bxb5 52. f5+ Kf7 53. Kd4 Bc6 54. Nb6 Kf6 55. e4 Be5+ 56. Kd3 Bc7 57. Nc8 Bd7 58. Na7 Bb8 0-1


[Site "https://www.chess.com"]

[Event "Titled Tuesday Blitz June 13 Early 2023"]
[White "Suyarov, Mukhammadzokhid"]
[Black "Arencibia Monduy, Antonio"]
[WhiteFideId "14210495"]
[BlackFideId "3507939"]
[WhiteElo "2361"]
[BlackElo "2553"]
[Result "0-1"]
[Round "2"]
[TimeControl "180+2"]
[Date "2023.06.13"]
[WhiteClock "0:00:21"]
[BlackClock "0:00:12"]
[Board "59"]

1. d4 Nf6 2. Nc3 c5 3. d5 d6 4. e4 e6 5. Bb5+ Bd7 6. dxe6 fxe6 7. Bxd7+ Qxd7 8. e5 dxe5 9. Qxd7+ Nbxd7 10. Nge2 O-O-O 11. Bg5 h6 12. Bh4 g5 13. Bg3 Nh5 14. O-O-O Nf4 15. Rhg1 Nf6 16. Rxd8+ Kxd8 17. f3 Kc7 18. Bf2 Be7 19. Ng3 a6 20. Nge4 Nxe4 21. fxe4 Rf8 22. Be3 b5 23. g3 b4 24. gxf4 exf4 25. Nd1 fxe3 26. Nxe3 Bd6 27. h3 Rf3 28. Ng4 Rxh3 29. e5 Be7 30. Rf1 h5 31. Rf7 Kd8 32. Nh6 g4 33. Rg7 g3 34. Rg8+ Kd7 35. Rg7 Ke8 36. Ng8 Bf8 37. Nf6+ Kd8 38. Rg6 c4 39. c3 bxc3 40. bxc3 Ba3+ 41. Kd2 h4 42. Rg8+ Kc7 43. Rg4 Rh2+ 44. Ke3 g2 45. Rxc4+ Kb6 46. Nd7+ Kb5 47. Rg4 Bc5+ 48. Nxc5 Kxc5 49. Kf4 h3 50. Kg5 Rh1 51. Kh4 g1=Q 52. Rxg1 Rxg1 53. Kxh3 Kd5 54. Kh4 Kxe5 55. c4 Kd4 56. c5 Kxc5 57. Kh3 Kb4 58. Kh2 Rg8 59. Kh3 Ka3 60. Kh4 Kxa2 61. Kh5 e5 62. Kh6 Rg1 63. Kh5 e4 64. Kh4 e3 65. Kh3 Rg8 66. Kh2 Kb2 67. Kh3 a5 68. Kh4 a4 69. Kh5 a3 70. Kh4 a2 71. Kh3 a1=Q 72. Kh2 Qg1+ 73. Kh3 Qh1# 0-1


[Site "https://www.chess.com"]

[Event "Titled Tuesday Blitz June 13 Early 2023"]
[White "Malyi, Viacheslav"]
[Black "Miladinovic, Igor"]
[WhiteFideId "14123983"]
[BlackFideId "4203380"]
[WhiteElo "2291"]
[BlackElo "2568"]
[Result "0-1"]
[Round "2"]
[TimeControl "180+2"]
[Date "2023.06.13"]
[WhiteClock "0:00:16"]
[BlackClock "0:00:58"]
[Board "60"]

1. e4 c6 2. d4 d5 3. Nc3 dxe4 4. Nxe4 Nf6 5. Nxf6+ exf6 6. Nf3 Bd6 7. Bd3 O-O 8. O-O Re8 9. c3 Nd7 10. Re1 Rxe1+ 11. Qxe1 Nf8 12. h3 Be6 13. Bd2 Qc7 14. Qf1 Ng6 15. Bc4 Qd7 16. Re1 Re8 17. a3 h5 18. Bxe6 Rxe6 19. Qd3 Bf4 20. c4 Bxd2 21. Qxd2 Ne7 22. Rxe6 fxe6 23. Kf1 b5 24. b3 bxc4 25. bxc4 Qb7 26. Qb4 Qd7 27. Qc5 Nf5 28. g4 hxg4 29. hxg4 Nd6 30. d5 cxd5 31. cxd5 Ne4 32. Qc6 Qxd5 33. Qxd5 exd5 34. Ke2 Kf7 35. Kd3 Nxf2+ 36. Kd4 Nxg4 37. Kxd5 Ne5 38. Nd4 g5 39. Nb5 g4 40. Ke4 a5 41. a4 Kg6 42. Nd6 Kg5 43. Nb7 g3 44. Ke3 Kg4 45. Nxa5 Nd3 46. Nc4 g2 0-1


[Site "https://www.chess.com"]

[Event "Titled Tuesday Blitz June 13 Early 2023"]
[White "Horvath, Dominik"]
[Black "Shevtchenko, Olesya"]
[WhiteFideId "1642561"]
[BlackFideId "24131890"]
[WhiteElo "2407"]
[BlackElo "2003"]
[Result "1-0"]
[Round "2"]
[TimeControl "180+2"]
[Date "2023.06.13"]
[WhiteClock "0:00:04"]
[BlackClock "0:00:00"]
[Board "61"]

1. e4 c6 2. d4 d5 3. e5 Bf5 4. h4 h5 5. Bd3 Bxd3 6. Qxd3 Qa5+ 7. b4 Qxb4+ 8. Nd2 e6 9. Rb1 Qe7 10. Ne2 Qd7 11. c4 Nh6 12. Ng3 g6 13. O-O Be7 14. Nf3 Ng4 15. Bg5 Bxg5 16. Nxg5 dxc4 17. Qxc4 O-O 18. N3e4 b5 19. Qc3 Kg7 20. f3 Nh6 21. Nf6 Qd8 22. g4 Nd7 23. Nge4 Nxf6 24. exf6+ Kh7 25. Qe3 hxg4 26. Rbc1 Nf5 27. Qf4 Qxd4+ 28. Kh2 g3+ 29. Kh3 Qe3 30. Qg4 Qh6 31. Rxc6 Ne3 32. Ng5+ Kg8 33. Qxg3 Nxf1 34. Qf2 Rac8 35. Rxc8 Rxc8 36. Qxf1 Qh8 37. Ne4 Qh5 38. Qd3 Qf5+ 39. Kg3 Qe5+ 40. Kh3 Qd5 41. Qe3 Qf5+ 42. Kg3 Qh5 43. Qxa7 Qe5+ 44. Kh3 Qf5+ 45. Kg3 Qe5+ 46. Kh3 b4 47. Qe3 Qf5+ 48. Kg3 Qe5+ 49. Kh3 Qh5 50. Kg3 Rd8 51. Ng5 Rf8 52. Qa7 Qh6 53. Qc7 Qh8 54. Qe7 Qh5 55. Qxb4 Qh6 56. Qe7 e5 57. a4 Qh5 58. a5 e4 59. Qxe4 Qh8 60. Qe7 Qh6 61. a6 1-0


[Site "https://www.chess.com"]

[Event "Titled Tuesday Blitz June 13 Early 2023"]
[White "Mendez Fortes, Eduardo Jesus"]
[Black "Rahman, Masruri"]
[WhiteFideId "3502376"]
[BlackFideId "7101163"]
[WhiteElo "2307"]
[BlackElo "2256"]
[Result "1-0"]
[Round "2"]
[TimeControl "180+2"]
[Date "2023.06.13"]
[WhiteClock "0:00:10"]
[BlackClock "0:00:26"]
[Board "62"]

1. e4 e6 2. d4 d5 3. Nd2 c5 4. exd5 Qxd5 5. Ngf3 cxd4 6. Bc4 Qd6 7. O-O Nf6 8. Nb3 Nc6 9. Nbxd4 Nxd4 10. Nxd4 Bd7 11. Re1 O-O-O 12. c3 Qc7 13. Qe2 Bd6 14. h3 Bh2+ 15. Kh1 Bf4 16. a4 a6 17. Bxf4 Qxf4 18. Bxa6 h5 19. Qc4+ Qc7 20. Qxc7+ Kxc7 21. Be2 Ra8 22. a5 Ra7 23. Bf3 Rha8 24. b4 Rc8 25. b5 Kb8 26. a6 Rxc3 27. Bxb7 Rxb7 28. axb7 Kxb7 29. Rac1 Rd3 30. Nf3 Bxb5 31. Ne5 Rd2 32. Nxf7 Bc6 33. Rxe6 Bd5 34. Re7+ Kb6 35. Kg1 Ne4 36. f3 Ng3 37. Rce1 Nf5 38. Rd7 Nh4 39. Kh1 Nxg2 40. Rxd5 Rxd5 41. Kxg2 Rf5 42. Ne5 Rg5+ 43. Kf2 Kc5 44. Nd3+ Kd4 45. Nf4 Ra5 46. Re4+ Kc3 47. h4 g5 48. hxg5 Rxg5 49. Ne2+ Kd3 50. Rd4+ Kc2 51. Ke3 Re5+ 52. Re4 Ra5 53. Rc4+ Kb3 54. Rd4 Kc2 55. f4 h4 56. Rd6 Rh5 57. Rc6+ Kb3 58. Rc1 Rh8 59. Kf3 h3 60. f5 h2 61. Rh1 Kc4 62. Ng3 Kd5 63. Kg2 Ke5 64. Rxh2 Rg8 65. Rh1 Kf4 66. Rf1+ Ke5 67. f6 Rf8 68. Nh5 Rf7 69. Kh3 Ke6 70. Kg4 Ra7 71. Kg5 Ra5+ 72. Kg6 Ra2 73. f7 Rg2+ 74. Kh6 1-0


[Site "https://www.chess.com"]

[Event "Titled Tuesday Blitz June 13 Early 2023"]
[White "Perez Ponsa, Federico"]
[Black "Lymar, Vladislav"]
[WhiteFideId "117927"]
[BlackFideId "14162180"]
[WhiteElo "2590"]
[BlackElo "2234"]
[Result "0-1"]
[Round "2"]
[TimeControl "180+2"]
[Date "2023.06.13"]
[WhiteClock "0:00:22"]
[BlackClock "0:00:19"]
[Board "63"]

1. e4 c5 2. Nf3 a6 3. c3 d5 4. exd5 Qxd5 5. d4 Nf6 6. Be2 cxd4 7. cxd4 Nc6 8. Nc3 Qd6 9. d5 Nb4 10. Bc4 b5 11. a3 bxc4 12. axb4 e6 13. O-O exd5 14. Re1+ Be7 15. Qe2 Be6 16. Nd4 O-O 17. Bg5 Rfe8 18. Nxe6 fxe6 19. Qxe6+ Qxe6 20. Rxe6 d4 21. Ne2 d3 22. Nd4 Bxb4 23. Rc6 Rac8 24. Be3 Nd5 25. Rd1 Nxe3 26. fxe3 Rxc6 27. Nxc6 Bc5 28. Na5 Rxe3 29. Kf1 Re4 30. g3 Bb4 31. Nc6 a5 32. Kf2 Re2+ 33. Kf3 Rxb2 34. Ne5 Rc2 35. Ke4 d2 36. Kd4 Rc1 0-1


[Site "https://www.chess.com"]

[Event "Titled Tuesday Blitz June 13 Early 2023"]
[White "Stribuk, Artiom"]
[Black "Mamedov, Edgar"]
[WhiteFideId "13515659"]
[BlackFideId "13739980"]
[WhiteElo "2303"]
[BlackElo "2317"]
[Result "1-0"]
[Round "2"]
[TimeControl "180+2"]
[Date "2023.06.13"]
[WhiteClock "0:00:12"]
[BlackClock "0:00:00"]
[Board "64"]

1. d4 d5 2. c4 c6 3. Nf3 Nf6 4. g3 Bf5 5. Nc3 e6 6. Qb3 Qb6 7. c5 Qc7 8. Bf4 Qc8 9. Nh4 Bg4 10. f3 Bh5 11. g4 Bg6 12. Nxg6 hxg6 13. h4 Nbd7 14. g5 Ng8 15. e4 e5 16. Bxe5 Nxe5 17. dxe5 d4 18. Bc4 Qc7 19. Na4 O-O-O 20. f4 Bxc5 21. Nxc5 Qa5+ 22. Ke2 Qxc5 23. Bxf7 d3+ 24. Kf3 Ne7 25. Rac1 Qa5 26. Rhd1 d2 27. Rc2 Rxh4 28. Qe6+ Kb8 29. Qxe7 Rdh8 30. Be6 a6 31. Rcxd2 Qb6 32. b4 Rh2 33. Rd8+ Ka7 34. Qc5 1-0


[Site "https://www.chess.com"]